 Dungeon Crawl Stone Soup version 0.30-a0-824-g6c64550be9 (webtiles) character file.

Game seed: 10135525428240605450

2360 Zonian the Ruffian (level 9, 0/48 HPs)
             Began as a Vine Stalker Transmuter on Feb 28, 2023.
             Slain by an orc warrior
             ... wielding a +2 dire flail of protection
              (5 damage)
             ... on level 5 of the Dungeon.
             The game lasted 00:27:26 (8123 turns).

Zonian the Ruffian (Vine Stalker Transmuter)        Turns: 8123, Time: 00:27:26

Health: 0/48       AC:  5    Str: 17    XL:     9   Next: 44%
Magic:  0/15       EV: 11    Int: 19    God:
Gold:   158        SH:  0    Dex: 15    Spells: 12/15 levels left

rFire   . . .      SeeInvis .      - Unarmed
rCold   . . .      Faith    .    (no shield)
rNeg    . . .      Spirit   +    c - +0 ring mail
rPois   .          Reflect  .    (helmet currently unavailable)
rElec   .          Harm     .    (no cloak)
rCorr   +          Rampage  .    (no gloves)
Will    +....                    (boots currently unavailable)
Stlth   ++                       (no amulet)
HPRegen 1.08/turn                l - +6 ring of intelligence
MPRegen 0.14/turn                u - ring of resist corrosion

@: lethally poisoned (0 -> -1), appendages
A: horns 2, talons 2, fangs 3, regeneration 1, magic shield, antimagic bite, no
potion heal 2
a: End Transformation


You were on level 5 of the Dungeon.
You had temporarily grown beastly horns and talons.
You visited 1 branch of the dungeon, and saw 6 of its levels.

You collected 293 gold pieces.
You spent 135 gold pieces at shops.

Inventory:

Hand Weapons
 d - a +2 dagger of speed
Missiles
 e - 3 poisoned darts
Armour
 a - a +1 robe
 c - a +0 ring mail (worn)
 n - the +0 pair of boots "Umaciodd" (melded) {Str+2 Int+3 SInv}
   (You acquired it on level 3 of the Dungeon)

   Str:       It affects your strength (+2).
   Int:       It affects your intelligence (+3).
   SInv:      It lets you see invisible.
Jewellery
 l - a +6 ring of intelligence (left hand)
 u - a ring of resist corrosion (right hand)
Wands
 b - a wand of charming (7)
 k - a wand of roots (15)
Scrolls
 i - 6 scrolls of teleportation
Potions
 f - a potion of heal wounds
 g - a potion of flight
 j - a potion of brilliance
 o - 2 potions of mutation
 r - a potion of haste
 s - a potion of attraction {unknown}


   Skills:
 + Level 5.7 Fighting
 - Level 2.2 Dodging
 - Level 5.7 Stealth
 + Level 7.0 Unarmed Combat
 - Level 3.5 Spellcasting
 + Level 6.6 Transmutations


You had 12 spell levels left.
You knew the following spells:

 Your Spells              Type           Power      Damage    Failure   Level
a - Beastly Appendage     Tmut           56%        N/A       1%          1
b - Wereblood             Tmut           28%        N/A       2%          2

Your spell library contained the following spells:

 Spells                   Type           Power      Damage    Failure   Level
 Spider Form              Tmut/Pois      15%        N/A       21%         3
 Necrotise                Necr           12%        1d4       26%         1
 Sublimation of Blood     Necr           3%         N/A       38%         2
 Ice Form                 Ice/Tmut       15%        N/A       56%         4
 Vampiric Draining        Necr           3%         2d6       63%         3
 Leda's Liquefaction      Hex/Erth       1%         N/A       95%         4
 Agony                    Necr           3%         N/A       100%        5
 Lee's Rapid Deconstruct  Erth           1%         3d4*      100%        5
 Statue Form              Tmut/Erth      10%        N/A       100%        6
 Summon Hydra             Summ           1%         N/A       100%        7


Dungeon Overview and Level Annotations

Branches:
Dungeon (6/15)
 Temple: D:4-7

Altars:
Elyvilon
Nemelex Xobeh
Sif Muna
Vehumet
Yredelemnul

Shops:
D:2 :(   D:4 *   D:5 =

Annotations:
D:5 Sigmund


Innate Abilities, Weirdness & Mutations

You have temporarily grown beastly horns and talons.
You have razor-sharp teeth.
Your natural rate of healing is unusually fast.
When hurt, damage is shared between your health and your magic reserves.
Your bite disrupts and absorbs the magic of your enemies.
Potions cannot restore your health.


Message History

The orc warrior is heavily wounded.
The adder bites you but does no damage.
The orc warrior hits you with a +2 dire flail of protection!
You hit the orc warrior but do no damage.
Your kick misses the orc warrior.
The orc warrior is heavily wounded.
The adder bites you but does no damage.
The orc warrior hits you with a +2 dire flail of protection!!
* * * LOW HITPOINT WARNING * * *
Unknown command.
Okay, then.
Okay, then.
Okay, then.
Okay, then.
Aiming: Fastroot
Press: ? - help, Shift-Dir - straight line, f - orc warrior
Aim: an orc warrior, wielding a +2 dire flail of protection and wearing a +0 chain mail (heavily wounded)
The roots erupt in riotous growth!
Roots grab the orc warrior.
The grasping roots constrict the orc warrior, but do no damage.
You hear a shout! x3
The adder bites you but does no damage. The adder barely misses you.
The orc warrior completely misses you.
The roots release their grip on the orc warrior.
The adder closely misses you. The orc warrior closely misses you.
You climb upwards.
Level annotation: Sigmund
There is a stone staircase leading down here.
Aiming: Fastroot
Press: ? - help, Shift-Dir - straight line The roots erupt in riotous growth!
Roots grab the orc warrior.
The grasping roots constrict the orc warrior.
You hear a shout!
The adder bites you.
* * * LOW HITPOINT WARNING * * *
You are poisoned.
The adder poisons you!
The orc warrior hits you with a +2 dire flail of protection.
You die...

#.# #.........#***,*,#.....# #.#
#.#.###...#* **,**#...#* #.#
#.#.#*.....# *** ##.##
#.###.#.###T?.## #.# #...)...#
##.## #.# ##.....## #.# #.#
####.##..# #.# #.# ##....##..#
##'## #.## #.....##..# ##.o@##
#..# #.........###....S## ####.#
#.....###.##.......## ##.##.#
##.....##.#.........####...#.####
##.......'...<.....'............
#.......#.........####...#.####
###.#.######.......## ##.##.#
#........# ##.....## ####.#
#.#.####.# ##...###########.#


You could see a troll, an orc warrior (rooted) and an adder.

Vanquished Creatures
  Pikel (D:3)
  Grinder (D:4)
  Eustachio (D:4)
  Edmund (D:5)
  A water moccasin (D:5)
  Pargi (D:4)
  A black bear (D:5)
  An ogre (D:4)
  3 lemures (D:4)
  3 scorpions
  2 necrophages (D:5)
  6 killer bees (D:4)
  A jelly (D:5)
  3 hounds
  3 iguanas
  2 orc priests (D:3)
  2 orc wizards
  6 gnolls
  2 adders
  A shadow imp (D:4)
  2 white imps
  An ufetubus (D:4)
  2 worms
  3 dart slugs
  27 orcs
  7 ball pythons
  8 bats
  9 endoplasms
  2 giant cockroaches
  4 goblins
  8 hobgoblins
  5 jackals
  10 kobolds
  3 quokkas
  5 frilled lizards
  A rat (D:1)
139 creatures vanquished.

Notes
Turn   | Place    | Note
-------+----------+-------------------------------------------
     0 | D:1      | Zonian the Vine Stalker Transmuter began the quest for the
                  | Orb.
     0 | D:1      | Reached XP level 1. HP: 9/9 MP: 4/4
    26 | D:1      | Reached skill level 1 in Fighting
    72 | D:1      | Reached XP level 2. HP: 13/14 MP: 4/6
   389 | D:1      | Reached XP level 3. HP: 15/18 MP: 4/7
  1256 | D:2      | Found a basalt altar of Yredelemnul.
  1327 | D:2      | Found Awnuqiebb's Antique Weapon Shoppe.
  1838 | D:2      | Gained mutation: Your natural rate of healing is unusually
                  | fast. [Vine Stalker growth]
  1838 | D:2      | Reached XP level 4. HP: 14/22 MP: 4/9
  2050 | D:2      | Found Zeuril's Book Shoppe.
  2580 | D:3      | Noticed a scorpion
  2617 | D:3      | Killed a scorpion
  2618 | D:3      | Reached XP level 5. HP: 17/26 MP: 5/10
  2894 | D:3      | Learned a level 2 spell: Wereblood
  3094 | D:3      | Reached skill level 4 in Unarmed Combat
  3094 | D:3      | Reached XP level 6. HP: 12/32 MP: 2/12
  3096 | D:3      | Identified a scroll of acquirement
  3096 | D:3      | Acquired the +0 pair of boots "Umaciodd" {Str+2 Int+3 SInv}
  3430 | D:3      | Found a white marble altar of Elyvilon.
  3950 | D:4      | Found a radiant altar of Vehumet.
  3960 | D:4      | Reached skill level 1 in Stealth
  4258 | D:4      | Found a sparkling altar of Nemelex Xobeh.
  4299 | D:4      | Found Tinoz's Assorted Antiques.
  4313 | D:4      | Bought a scroll labelled UDUSTAE ICOORE for 23 gold pieces
  4313 | D:4      | Bought a forked silver wand for 92 gold pieces
  4313 | D:4      | Bought a silvery potion for 20 gold pieces
  4389 | D:4      | Noticed Grinder
  4418 | D:4      | Killed Grinder
  4419 | D:4      | Reached XP level 7. HP: 30/36 MP: 11/13
  4505 | D:4      | Noticed Eustachio
  4686 | D:4      | Noticed Pargi
  4697 | D:4      | Killed Pargi
  4698 | D:4      | Reached skill level 5 in Unarmed Combat
  4776 | D:4      | HP: 1/36 [poisoned by a killer bee]
  5007 | D:4      | Killed Eustachio
  5008 | D:4      | Gained mutation: You have razor-sharp teeth. [Vine Stalker
                  | growth]
  5008 | D:4      | Reached XP level 8. HP: 34/42 MP: 11/14
  5517 | D:4      | Noticed Pikel
  5541 | D:3      | HP: 2/42 [Pikel/+1 whip of flaming (2)]
  5548 | D:3      | Killed Pikel
  5549 | D:3      | Reached skill level 5 in Stealth
  5549 | D:3      | Reached skill level 5 in Transmutations
  5850 | D:4      | Reached skill level 6 in Unarmed Combat
  6336 | D:5      | Entered Level 5 of the Dungeon
  6354 | D:5      | Noticed Edmund
  6370 | D:5      | Killed Edmund
  6371 | D:5      | Reached skill level 5 in Fighting
  6371 | D:5      | Reached XP level 9. HP: 17/44 MP: 7/15
  6569 | D:5      | Noticed a troll
  6772 | D:5      | Found a shimmering blue altar of Sif Muna.
  6779 | D:5      | Found Ajofruta's Jewellery Shoppe.
  6966 | D:5      | Noticed Sigmund
  7632 | D:6      | Reached skill level 7 in Unarmed Combat
  8123 | D:5      | Slain by an orc warrior

Illustrated notes

Levels and vault maps discovered:
D:1:      roderic_crossed_star, layout_basic
D:2:      layout_loops_ring, basic_altar, serial_shops,
          nicolae_shop_behind_doors, nicolae_shop_statue_plus,
          serial_bayou_pond_a
D:3:      layout_basic, lemuel_tele_altar
D:4:      layout_cave_pods, nemelex_diamond_rough_becter,
          nicolae_vehumet_radiance, serial_shops, nicolae_lakefront_shop,
          uniq_eustachio, uniq_pargi, uniq_grinder, uniq_pikel
D:5:      layout_loops_corners, led_sif_book, serial_shops, shop, uniq_sigmund,
          uniq_duvessa, uniq_edmund
D:6:      layout_loops_ring, mainiacjoe_overflow_cross_hatched, temple_doors_ab,
          skrybe_limestone_x

Skill      XL: |  1  2  3  4  5  6  7  8  9 |
---------------+----------------------------+-----
Fighting       | 1 2 3 5 |  5.7
Dodging        | 2 |  2.2
Spellcasting   | 3 |  3.5
Transmutations | 3 4 5 6 |  6.6
Unarmed Combat | 4 5 6 7 |  7.0
Stealth        | 2 4 5 |  5.7

Action                     |  1- 3 |  4- 6 |  7- 9 || total
---------------------------+-------+-------+-------++-------
  Melee: Unarmed           |    91 |   137 |   195 ||   423
         Kick              |    20 |    28 |    34 ||    82
         Bite              |    14 |    33 |    61 ||   108
         Headbutt          |    10 |    19 |    24 ||    53
         Punch             |     1 |     3 |     8 ||    12
   Cast: Beastly Appendage |    25 |    21 |    19 ||    65
  Evoke: Wand              |       |     6 |    23 ||    29
    Use: Scroll            |     7 |     7 |     6 ||    20
         Potion            |       |     1 |     3 ||     4
   Stab: Sleeping          |       |     3 |     4 ||     7
 Armour: Robe              |    14 |    29 |       ||    43
         Ring mail         |       |       |    51 ||    51
  Dodge: Dodged            |    40 |    81 |   122 ||   243

Table legend: (Time is in decaauts)
 A = Elapsed time spent in this place.
 B = Non-inter-level travel time spent in this place.
 C = Inter-level travel time spent in this place.
 D = Time resting spent in this place.
 E = Time spent auto-exploring this place.
 F = Levels seen in this place.
 G = Mean time per level.
                   A        B        C        D        E       F      G
               +--------+--------+--------+--------+--------+-----+--------+
         Total |   8092 |   7752 |    340 |   3172 |   2398 |   6 | 1348.7 |
       Dungeon |   8092 |   7752 |    340 |   3172 |   2398 |   6 | 1348.7 |
               +--------+--------+--------+--------+--------+-----+--------+

Top non-repeatable levels by time:
     D:3: 2021 daAuts
     D:4: 1942 daAuts
     D:5: 1685 daAuts
     D:2: 1223 daAuts
     D:1: 1124 daAuts
     D:6: 94 daAuts
